 Dungeon Sprint DCSS version 0.22-a0-362-g535178c5c5 (webtiles) character file.

480317 KillingSpree the Timeless (level 22, -4/254 HPs)
             Began as a Naga Fighter on Apr 20, 2018.
             Was a High Priest of Cheibriados.
             Killed by divine providence
             ... invoked by a greater mummy
              (17 damage)
             ... in the Dungeon (Sprint IX: "|||||||||||||||||||||||||||||").
             The game lasted 00:23:56 (9767 turns).

KillingSpree the Timeless (Naga Fighter)            Turns: 9767, Time: 00:23:56

Health: -4/254     AC: 57    Str: 47    XL:     22   Next: 76%
Magic:  16/45      EV: 27    Int: 23    God:    Cheibriados [*****.]
Gold:   1058       SH: 39    Dex: 25    Spells: 60/60 levels left

rFire    + + +     SeeInvis +   a - +9 demon whip (flame)
rCold    + + .     Gourm    .   P - +3 large shield {AC+3}
rNeg     . . .     Faith    .   L - +9 gold dragon scales
rPois    +         Spirit   .   N - +1 hat
rElec    +         Reflect  +   t - +1 cloak
rCorr    .         Harm     .   O - +0 pair of gloves of Vampiric Thralls {Str+8}
MR       ++...     NoTele   +   q - +0 naga barding
Stlth    ..........             T - amulet of the Tempest {Reflect rF+ Str-2 Dex+5 SH+4}
HPRegen  0.52/turn              j - ring of protection from fire
MPRegen  0.29/turn              w - ring "Biaphegu" {-Tele rC+ Str+2 Int+2}

@: very slow
A: large, slimy green scales 1, see invisible, clumsy 2, deformed body,
deterioration 1, poison resistance, electricity resistance, slowness 2, slow
metabolism 1, spit poison 2, constrict 1, AC +7
}: 7/15 runes: decaying, serpentine, barnacled, slimy, elven, silver, gossamer
a: Breathe Poison Gas, Bend Time, Temporal Distortion, Slouch, Step From Time,
Renounce Religion


You were in the Dungeon.
You worshipped Cheibriados.
Cheibriados was extremely pleased with you.
You were not hungry.

You visited 1 branch You collected 1958 gold pieces.
You spent 900 gold pieces at shops.

Inventory:

Hand Weapons
 a - a +9 demon whip of flaming (weapon)
 c - a +1 demon whip of draining
 p - a +2 morningstar of crushing
 y - the +1 flail of the Moon {crush, Str+2}
   (You found it in the Dungeon)

   It inflicts extra damage upon your enemies.
   It affects your strength (+2).
Armour
 q - a +0 naga barding (worn)
 t - a +1 cloak (worn)
 F - a +10 plate armour of ponderousness
 L - +9 gold dragon scales (worn)
 M - a +1 cloak
 N - a +1 hat (worn)
 O - the +0 pair of gloves of Vampiric Thralls (worn) {Str+8}
   (You found it in the Dungeon)

   It affects your strength (+8).
 P - a +3 large shield of protection (worn)
Magical Staves
 z - an uncursed staff of wizardry
Jewellery
 j - a ring of protection from fire (left hand)
 w - the ring "Biaphegu" (right hand) {-Tele rC+ Str+2 Int+2}
   (You found it in the Dungeon)

   [ring of strength]

   It affects your strength (+2).
   It affects your intelligence (+2).
   It protects you from cold.
   It prevents most forms of teleportation.
 J - an uncursed amulet of regeneration
 Q - the ring of Hyothre {*Drain rElec Str+8 Int+3 Dex-3}
   (You found it in the Dungeon)

   [ring of intelligence]

   It affects your strength (+8).
   It affects your intelligence (+3).
   It affects your dexterity (-3).
   It insulates you from electricity.
   It causes draining when unequipped.
 R - the amulet "Lily" {Spirit rElec MP+9}
   (You found it in the Dungeon)

   [amulet of guardian spirit]

   It causes incoming damage to be split between your health and magic.
   It insulates you from electricity.
   It affects your magic capacity (+9).
 S - the amulet of Duih {Gourm rPois rC- MP+9}
   (You found it in the Dungeon)

   [amulet of the gourmand]

   It allows you to eat raw meat even when not hungry.
   It makes you vulnerable to cold.
   It protects you from poison.
   It affects your magic capacity (+9).
 T - the amulet of the Tempest (around neck) {Reflect rF+ Str-2 Dex+5 SH+4}
   (You found it in the Dungeon)

   [amulet of reflection]

   It shields you and reflects attacks.
   It affects your strength (-2).
   It affects your dexterity (+5).
   It protects you from fire.
   It affects your SH (+4).
 U - the ring of Wir Det {MR+++ Str+3 Int+5 Dex-3}
   (You found it in the Dungeon)

   [ring of strength]

   It affects your strength (+3).
   It affects your intelligence (+5).
   It affects your dexterity (-3).
   It affects your resistance to hostile enchantments.
Wands
 o - a wand of iceblast (17)
Scrolls
 d - 5 scrolls of identify
 k - 3 scrolls of blinking
 m - 7 scrolls of remove curse
 n - 2 scrolls of amnesia
 s - 4 scrolls of fog
 D - a scroll of fear
Potions
 b - 3 potions of brilliance
 e - 11 potions of curing
 h - 7 potions of haste
 i - 4 potions of magic
 l - a potion of invisibility
 r - a potion of mutation
 v - a potion of flight {unknown}
 B - 10 potions of heal wounds
 W - a potion of resistance
Comestibles
 f - 6 rations


   Skills:
 O Level 27 Fighting
 O Level 27 Maces & Flails
 O Level 27 Armour
 O Level 27 Dodging
 O Level 27 Shields
 O Level 27 Unarmed Combat
 + Level 19.7 Spellcasting
 O Level 27 Invocations
 - Level 6.6 Evocations


You had 60 spell levels left.
You didn't know any spells.

Dungeon Overview and Level Annotations

Branches:
Dungeon (1/1)

Altars:
Cheibriados
Dithmenos
Elyvilon
Fedhas
Gozag
Hepliaklqana
Kikubaaqudgha
Makhleb
Nemelex Xobeh
Okawaru
Qazlal
Ru
Sif Muna
Trog
Uskayaw
Vehumet
Wu Jian
Xom
Yredelemnul
Zin
The Shining One
Beogh
Jiyva
Lugonu

Shops:
D :?:}


Innate Abilities, Weirdness & Mutations

You cannot wear boots.
Your serpentine skin is tough. (AC +7)
You have supernaturally acute eyesight. (SInv)
Armour fits poorly on your strangely shaped body.
Your system is resistant to poisons. (rPois)
You cover ground very slowly.
You have a slow metabolism.
You can exhale a cloud of poison.
You can use your snake-like lower body to constrict enemies.
You are partially covered in slimy green scales. (AC +2)
You are very clumsy. (Dex -4)
Your body sometimes deteriorates upon taking damage.
You are resistant to electric shocks. (rElec)


Message History

You feel your intelligence returning.
Your Spellcasting skill increases to level 19!
The greater mummy gestures wildly while chanting.
The greater mummy mumbles some strange words.
Unknown command.
You can feel time thicken for a moment.
You destroy the shadow!
You destroy the flying skull!
You destroy the adder skeleton!
You destroy the wight!
You feel somewhat more hungry.
Cheibriados lowers the support of your attributes as your movement quickens.
The greater mummy calls on the powers of darkness!
Your body is wracked with pain!
* * * LOW HITPOINT WARNING * * *
Unknown command.
You can feel time thicken for a moment.
You feel somewhat more hungry.
Cheibriados lowers the support of your attributes as your movement quickens.
The greater mummy casts a spell.
The greater mummy gestures at you while chanting.
Something smites you!
You die...

▓▓▓▓▓▓▓▓▓▓▓▓▓▓▓▓▓▓▓▓▓▓▓▓
zMMzz.M@........'.......
▓▓▓▓▓▓▓▓▓▓▓▓▓▓▓▓▓▓▓▓▓▓▓▓▓▓▓▓▓▓▓▓▓
.................................
▓▓▓▓▓▓▓▓▓▓▓▓▓▓▓▓▓▓▓▓▓▓▓▓▓▓▓▓♣♣♣♣♣
............'..).).))))))).).....
▓▓▓▓▓▓▓▓▓▓▓▓▓▓▓▓▓▓▓▓▓▓▓▓▓▓▓▓♣♣♣♣♣
.................................
▓▓▓▓▓▓▓▓▓▓▓▓▓▓▓▓▓▓▓▓▓▓▓▓▓▓▓▓▓▓▓▓▓
...†'..........)[.['.'.'.'§....).


You could see 3 greater mummies, a flying skull and 2 wights.

Vanquished Creatures
  the Royal Jelly (D)
  4 orbs of fire (D)
  Mara (D)
  8 ancient liches (D)
  Sojobo (D)
  2 greater mummies (D)
  Margery (D)
  Saint Roka (D)
  Frederick (D)
  A curse toe (D)
  Xtahua (D)
  A Killer Klown (D)
  6 golden dragons (D)
  Jory (D)
  Nikola (D)
  3 electric golems (D)
  3 tentacled monstrosities (D)
  27 Orb Guardians (D)
  3 quicksilver dragons (D)
  A lich (D)
  2 deep elf blademasters (D)
  10 acid blobs (D)
  13 sphinxes (D)
  A death cob (D)
  8 shadow dragons (D)
  3 draconian monks (D)
  2 tengu reavers (D)
  Ilsuiw (D)
  2 fire giants (D)
  3 frost giants (D)
  4 storm dragons (D)
  An iron dragon (D)
  9 azure jellies (D)
  2 draconian scorchers (D)
  Aizul (D)
  A ghost moth (D)
  2 deep elf sorcerers (D)
  3 nagarajas (D)
  2 draconian knights (D)
  3 vault wardens (D)
  5 emperor scorpions (D)
  Louise (D)
  3 draconian stormcallers (D)
  3 ironheart preservers (D)
  An entropy weaver (D)
  3 draconian annihilators (D)
  A very ugly thing (D)
  A green draconian (D)
  2 stone giants (D)
  6 vampire knights (D)
  3 deep elf demonologists (D)
  2 black draconians (D)
  4 white draconians (D)
  2 deep elf annihilators (D)
  3 purple draconians (D)
  A spark wasp (shapeshifter) (D)
  3 merfolk javelineers (D)
  4 yellow draconians (D)
  5 ettins (D)
  Snorg (D)
  4 deep elf death magi (D)
  5 mummy priests (D)
  7 death oozes (D)
  An ettin (shapeshifter) (D)
  3 merfolk impalers (D)
  A deep elf high priest (D)
  2 yaktaur captains (D)
  4 fire dragons (D)
  A great orb of eyes (D)
  Harold (D)
  8 hydras (D)
  4 naga warriors (D)
  25 vault guards (D)
  4 ice dragons (D)
  A spriggan air mage (D)
  2 catoblepae (D)
  A centaur warrior (D)
  An anaconda (D)
  A two-headed ogre (D)
  An alligator (D)
  5 merfolk aquamancers (D)
  5 death yaks (D)
  3 ogre magi (D)
  6 orc high priests (D)
  2 deep troll earth magi (D)
  A vampire mage (D)
  A naga sharpshooter (D)
  2 deep troll shamans (D)
  A shock serpent (D)
  A spriggan berserker (D)
  4 hell knights (D)
  A shadow wraith (D)
  2 sea snakes (D)
  A sea snake (shapeshifter) (D)
  An unseen horror (D)
  A flayed ghost (D)
  6 swamp dragons (D)
  5 ironbrand convokers (D)
  An unseen horror (shapeshifter) (D)
  A necromancer (D)
  16 orc knights (D)
  A harpy (shapeshifter) (D)
  An orb spider (D)
  A manticore (D)
  An orc sorcerer (D)
  A cyclops (shapeshifter) (D)
  3 ugly things (D)
  A cyclops (D)
  A merfolk siren (D)
  12 moths of wrath (D)
  2 vault sentinels (D)
  3 guardian serpents (D)
  A black mamba (D)
  5 spiny frogs (D)
  Psyche (D)
  5 naga magi (D)
  5 yaktaurs (D)
  A yaktaur (shapeshifter) (D)
  2 komodo dragons (D)
  A troll (D)
  15 guardian mummies (D)
  3 jumping spiders (D)
  5 demonic crawlers (D)
  2 merfolk (D)
  A meliai (D)
  A hornet (shapeshifter) (D)
  2 hornets (D)
  2 tyrant leeches (D)
  A bog body (D)
  A blink frog (D)
  3 hippogriffs (D)
  3 wind drakes (D)
  A shadow (D)
  11 spriggans (D)
  A tarantella (D)
  2 redbacks (D)
  3 yaks (D)
  A wyvern (D)
  A wraith (D)
  Grum (D)
  2 golden eyes (D)
  3 nagas (D)
  A vampire mosquito (D)
  An acid dragon (D)
  2 porcupines (D)
  2 water moccasins (D)
  3 swamp drakes (D)
  8 orc warriors (D)
  A boggart (D)
  A centaur (D)
  An eye of draining (D)
  4 wolves (D)
  A big kobold (D)
  A scorpion (D)
  A wight (D)
  A killer bee (D)
  A hound (D)
  2 jellies (D)
  2 orc priests (D)
  3 orc wizards (D)
  An iguana (D)
  A worker ant (D)
  An adder (D)
  11 orcs (D)
  A bat skeleton (D)
  2 hobgoblins (D)
  2 bats (D)
  2 frilled lizards (D)
  A jackal skeleton (D)
509 creatures vanquished.

Vanquished Creatures (others)
  A sky beast (D)
1 creature vanquished.

Grand Total: 510 creatures vanquished

Notes
Turn   | Place    | Note
-------+----------+-------------------------------------------
     0 | D        | KillingSpree the Naga Fighter began the quest for the Orb.
     0 | D        | Reached XP level 1. HP: 21/21 MP: 1/1
   267 | D        | Noticed an iguana
   267 | D        | Noticed a jelly
   273 | D        | Reached skill level 5 in Maces & Flails
   273 | D        | Reached XP level 2. HP: 28/28 MP: 2/2
   278 | D        | Reached XP level 3. HP: 34/34 MP: 3/3
   285 | D        | Reached XP level 4. HP: 36/42 MP: 4/4
   322 | D        | Found a roughly hewn altar of Beogh.
   322 | D        | Found a snail-covered altar of Cheibriados.
   322 | D        | Found a shadowy altar of Dithmenos.
   322 | D        | Found a white marble altar of Elyvilon.
   322 | D        | Found a blossoming altar of Fedhas.
   322 | D        | Found an opulent altar of Gozag.
   323 | D        | Found a hazy altar of Hepliaklqana.
   324 | D        | Found a viscous altar of Jiyva.
   325 | D        | Found an ancient bone altar of Kikubaaqudgha.
   326 | D        | Became a worshipper of Cheibriados the Contemplative
   327 | D        | Found a corrupted altar of Lugonu.
   328 | D        | Found a burning altar of Makhleb.
   329 | D        | Found a sparkling altar of Nemelex Xobeh.
   330 | D        | Found an iron altar of Okawaru.
   331 | D        | Found a stormy altar of Qazlal.
   332 | D        | Found a sacrificial altar of Ru.
   333 | D        | Found a deep blue altar of Sif Muna.
   334 | D        | Found a bloodstained altar of Trog.
   335 | D        | Found a hide-covered altar of Uskayaw.
   336 | D        | Found a radiant altar of Vehumet.
   337 | D        | Found an ornate altar of the Wu Jian Council.
   338 | D        | Found a shimmering altar of Xom.
   339 | D        | Found a basalt altar of Yredelemnul.
   340 | D        | Found a glowing silver altar of Zin.
   341 | D        | Found a glowing golden altar of the Shining One.
   394 | D        | Noticed an orc warrior
   394 | D        | Noticed a centaur
   398 | D        | Killed a centaur
   398 | D        | Reached XP level 5. HP: 50/50 MP: 4/7
   399 | D        | Reached * piety under Cheibriados
   407 | D        | Reached ** piety under Cheibriados
   407 | D        | Reached XP level 6. HP: 48/60 MP: 5/8
   410 | D        | Reached skill level 5 in Fighting
   415 | D        | Killed an orc warrior
   415 | D        | Reached skill level 5 in Shields
   415 | D        | Reached skill level 5 in Invocations
   565 | D        | Noticed a cyclops
   565 | D        | Noticed a sky beast
   565 | D        | Noticed a two-headed ogre
   565 | D        | Noticed a troll
   567 | D        | Reached *** piety under Cheibriados
   567 | D        | Reached skill level 10 in Maces & Flails
   574 | D        | Killed a troll
   574 | D        | Reached skill level 5 in Armour
   574 | D        | Reached skill level 1 in Dodging
   574 | D        | Reached XP level 7. HP: 17/70 MP: 9/11
   582 | D        | Killed a two-headed ogre
   582 | D        | Reached **** piety under Cheibriados
   582 | D        | Reached XP level 8. HP: 44/80 MP: 9/13
   588 | D        | Killed a cyclops
   589 | D        | Reached XP level 9. HP: 14/88 MP: 11/15
   986 | D        | Gained mutation: You tend to lose your temper in combat. [potion of mutation]
   986 | D        | Gained mutation: You can exhale a cloud of poison. [potion of mutation]
   986 | D        | Gained mutation: Your spells are a little harder to cast, but a little more powerful. [potion of mutation]
   987 | D        | Lost mutation: Your spells are a little harder to cast, but a little more powerful. [potion of mutation]
   987 | D        | Lost mutation: You can exhale a cloud of poison. [potion of mutation]
   987 | D        | Lost mutation: You tend to lose your temper in combat. [potion of mutation]
   987 | D        | Gained mutation: You can exhale a cloud of poison. [potion of mutation]
   987 | D        | Gained mutation: You are resistant to electric shocks. (rElec) [potion of mutation]
   987 | D        | Gained mutation: You are partially covered in slimy green scales. (AC +2) [potion of mutation]
  1002 | D        | Noticed a komodo dragon
  1002 | D        | Noticed a seven-headed hydra
  1002 | D        | Noticed a spiny frog
  1005 | D        | Reached ***** piety under Cheibriados
  1007 | D        | Killed a spiny frog
  1009 | D        | Killed a komodo dragon
  1013 | D        | Noticed a spiny frog
  1013 | D        | Killed a seven-headed hydra
  1013 | D        | Reached skill level 10 in Invocations
  1013 | D        | Reached XP level 10. HP: 54/99 MP: 6/17
  1015 | D        | Killed a spiny frog
  1182 | D        | Noticed a spiny frog
  1184 | D        | Reached ****** piety under Cheibriados
  1188 | D        | Killed a spiny frog
  1191 | D        | Noticed an eight-headed hydra
  1198 | D        | Killed an eight-headed hydra
  1291 | D        | Noticed a death yak
  1291 | D        | Noticed a death yak
  1291 | D        | Noticed a catoblepas
  1291 | D        | Noticed a death yak
  1291 | D        | Noticed a catoblepas
  1293 | D        | Noticed a death yak
  1294 | D        | Killed a catoblepas
  1294 | D        | Reached skill level 10 in Fighting
  1294 | D        | Reached skill level 5 in Dodging
  1295 | D        | Killed a death yak
  1295 | D        | Reached XP level 11. HP: 71/108 MP: 8/20
  1295 | D        | Killed a catoblepas
  1295 | D        | Killed a death yak
  1295 | D        | Reached skill level 15 in Maces & Flails
  1296 | D        | Noticed a death yak
  1299 | D        | Killed a death yak
  1302 | D        | Killed a death yak
  1302 | D        | Reached skill level 15 in Invocations
  1307 | D        | Killed a death yak
  1490 | D        | Noticed Psyche
  1491 | D        | Noticed Harold
  1494 | D        | Killed Psyche
  1499 | D        | Killed Harold
  1628 | D        | Noticed an orc knight
  1628 | D        | Noticed an orc knight
  1628 | D        | Noticed an orc knight
  1628 | D        | Noticed an orc knight
  1635 | D        | Killed an orc knight
  1635 | D        | Reached skill level 10 in Shields
  1635 | D        | Killed an orc knight
  1636 | D        | Noticed an orc knight
  1637 | D        | Killed an orc knight
  1637 | D        | Reached XP level 12. HP: 71/118 MP: 14/24
  1994 | D        | Found Tyan Qio's Gadget Boutique.
  1994 | D        | Noticed an orc high priest
  1996 | D        | Noticed an orc high priest
  2002 | D        | Noticed an orc high priest
  2004 | D        | Killed an orc high priest
  2004 | D        | Killed an orc high priest
  2005 | D        | Killed an orc high priest
  2115 | D        | Found Qaytopryi's Book Shop.
  2116 | D        | Noticed an orc high priest
  2125 | D        | Killed an orc high priest
  2136 | D        | Found Ucsotits's Magic Scroll Boutique.
  2217 | D        | Found Uptossec's Book Shop.
  2220 | D        | Noticed an orc high priest
  2222 | D        | Noticed an orc high priest
  2225 | D        | Killed an orc high priest
  2225 | D        | Killed an orc high priest
  2363 | D        | Bought a book of Geomancy for 420 gold pieces
  2363 | D        | Bought a book of Misfortune for 240 gold pieces
  2363 | D        | Bought a book of Minor Magic for 240 gold pieces
  2472 | D        | Got the cursed +1 flail of the Moon {crush, Str+2}
  2525 | D        | Noticed a seven-headed hydra
  2528 | D        | Gained mutation: You can use your snake-like lower body to constrict enemies. [Naga growth]
  2528 | D        | Reached XP level 13. HP: 118/127 MP: 22/27
  2533 | D        | Noticed a red very ugly thing
  2541 | D        | Killed a red very ugly thing
  2551 | D        | Noticed an ettin
  2566 | D        | Killed an ettin
  2591 | D        | Noticed an ogre mage
  2599 | D        | Killed an ogre mage
  2862 | D        | Noticed a fire dragon
  2880 | D        | Killed a fire dragon
  2925 | D        | Noticed Snorg
  2935 | D        | Killed Snorg
  3115 | D        | Reached skill level 10 in Armour
  3133 | D        | Noticed a merfolk impaler
  3146 | D        | Killed a merfolk impaler
  3146 | D        | Reached XP level 14. HP: 109/139 MP: 19/29
  3309 | D        | Noticed Aizul
  3322 | D        | Killed Aizul
  3341 | D        | Noticed Grum
  3350 | D        | Killed Grum
  3385 | D        | Noticed Saint Roka
  3403 | D        | Killed Saint Roka
  3608 | D        | Noticed a fire giant
  3627 | D        | Killed a fire giant
  3628 | D        | Noticed an iron dragon
  3648 | D        | Killed an iron dragon
  3880 | D        | Noticed an ironheart preserver
  3882 | D        | Killed an ironheart preserver
  3882 | D        | Reached XP level 15. HP: 148/151 MP: 25/31
  3886 | D        | Reached skill level 15 in Shields
  3897 | D        | Noticed a vault warden
  3906 | D        | Killed a vault warden
  3909 | D        | Noticed a vault warden
  3925 | D        | Killed a vault warden
  3933 | D        | Noticed a frost giant
  3955 | D        | Killed a frost giant
  4178 | D        | Noticed Louise
  4191 | D        | Killed Louise
  4397 | D        | Got the +0 pair of gloves of Vampiric Thralls {Str+8}
  4580 | D        | Noticed Ilsuiw
  4590 | D        | Killed Ilsuiw
  4594 | D        | Reached skill level 15 in Fighting
  4601 | D        | Reached skill level 27 in Invocations
  4628 | D        | Got a barnacled rune of Zot
  4685 | D        | Noticed an emperor scorpion
  4685 | D        | Noticed an emperor scorpion
  4685 | D        | Noticed an emperor scorpion
  4687 | D        | Noticed a ghost moth
  4706 | D        | Killed an emperor scorpion
  4711 | D        | Killed an emperor scorpion
  4717 | D        | Killed an emperor scorpion
  4720 | D        | Killed a ghost moth
  4722 | D        | Noticed an emperor scorpion
  4730 | D        | Noticed an emperor scorpion
  4734 | D        | Killed an emperor scorpion
  4760 | D        | Killed an emperor scorpion
  4760 | D        | Reached XP level 16. HP: 122/165 MP: 9/33
  4871 | D        | Got a gossamer rune of Zot
  4933 | D        | Got a decaying rune of Zot
  5021 | D        | Noticed a nagaraja
  5026 | D        | Noticed a nagaraja
  5031 | D        | Noticed a nagaraja
  5034 | D        | Killed a nagaraja
  5036 | D        | Killed a nagaraja
  5046 | D        | Killed a nagaraja
  5061 | D        | Got a serpentine rune of Zot
  5142 | D        | Noticed Mara
  5144 | D        | Noticed KillingSpree's illusion
  5156 | D        | Killed Mara
  5181 | D        | Noticed Margery
  5197 | D        | Killed Margery
  5197 | D        | Reached skill level 15 in Armour
  5452 | D        | Reached XP level 17. HP: 180/180 MP: 30/34
  5541 | D        | Noticed a golden dragon
  5558 | D        | Killed a golden dragon
  5599 | D        | Noticed a sphinx
  5599 | D        | Noticed a deep elf blademaster
  5599 | D        | Noticed an Orb Guardian
  5604 | D        | Killed a sphinx
  5607 | D        | Killed a deep elf blademaster
  5612 | D        | Killed an Orb Guardian
  5784 | D        | Noticed an ancient lich
  5784 | D        | Noticed a golden dragon
  5795 | D        | Killed a golden dragon
  5796 | D        | Killed an ancient lich
  5821 | D        | Got a silver rune of Zot
  5822 | D        | Identified the Reference Book on Nocuous Beguiling
  5826 | D        | Got a translucent silver ring
  5865 | D        | Noticed Frederick
  5873 | D        | Killed Frederick
  5873 | D        | Reached XP level 18. HP: 199/199 MP: 29/35
  5895 | D        | Noticed Sojobo
  5905 | D        | Killed Sojobo
  5973 | D        | Got the ring of Hyothre {*Drain rElec Str+8 Int+3 Dex-3}
  5975 | D        | Got the amulet "Lily" {Spirit rElec MP+9}
  5977 | D        | Got the amulet of Duih {Gourm rPois rC- MP+9}
  5979 | D        | Got the amulet of the Tempest {Reflect rF+ Str-2 Dex+5 SH+4}
  5981 | D        | Got the ring of Wir Det {MR+++ Str+3 Int+5 Dex-3}
  6530 | D        | Noticed Jory
  6543 | D        | Killed Jory
  6559 | D        | Noticed Xtahua
  6570 | D        | Killed Xtahua
  6588 | D        | Noticed Nikola
  6599 | D        | Killed Nikola
  6716 | D        | Noticed a golden dragon
  6716 | D        | Noticed a golden dragon
  6734 | D        | Killed a golden dragon
  6742 | D        | Killed a golden dragon
  6793 | D        | Noticed a quicksilver dragon
  6824 | D        | Killed a quicksilver dragon
  6854 | D        | Reached skill level 27 in Shields
  6866 | D        | Reached XP level 19. HP: 143/213 MP: 36/36
  6889 | D        | Identified the ring "Biaphegu" {-Tele rC+ Str+2 Int+2} (You found it in the Dungeon)
  6920 | D        | Noticed a tentacled monstrosity
  6940 | D        | Killed a tentacled monstrosity
  7133 | D        | Noticed a tentacled monstrosity
  7133 | D        | Noticed a tentacled monstrosity
  7133 | D        | Noticed a golden dragon
  7141 | D        | Killed a golden dragon
  7146 | D        | Killed a tentacled monstrosity
  7149 | D        | Killed a tentacled monstrosity
  7318 | D        | Reached skill level 27 in Maces & Flails
  7328 | D        | Reached skill level 27 in Fighting
  7358 | D        | Reached XP level 20. HP: 232/236 MP: 30/37
  7383 | D        | Noticed an ancient lich
  7392 | D        | Paralysed by an ancient lich for 3 turns
  7398 | D        | Killed an ancient lich
  7401 | D        | Noticed an orb of fire
  7412 | D        | Gained mutation: You are clumsy. (Dex -2) [an orb of fire]
  7420 | D        | Killed an orb of fire
  7422 | D        | Noticed an electric golem
  7434 | D        | Killed an electric golem
  7707 | D        | Noticed a curse toe
  7707 | D        | Noticed an orb of fire
  7707 | D        | Noticed an ancient lich
  7707 | D        | Noticed a Killer Klown
  7713 | D        | Noticed an orb of fire
  7714 | D        | Killed an ancient lich
  7714 | D        | Reached skill level 27 in Armour
  7715 | D        | Killed an orb of fire
  7715 | D        | Killed a Killer Klown
  7715 | D        | Reached skill level 15 in Dodging
  7722 | D        | Gained mutation: Your body sometimes deteriorates upon taking damage. [an orb of fire]
  7727 | D        | Noticed a golden dragon
  7729 | D        | Killed an orb of fire
  7732 | D        | Killed a curse toe
  7735 | D        | Noticed an orb of fire
  7737 | D        | Killed a golden dragon
  7739 | D        | Gained mutation: You are very clumsy. (Dex -4) [an orb of fire]
  7741 | D        | Killed an orb of fire
  7742 | D        | Noticed an electric golem
  7743 | D        | Noticed an electric golem
  7753 | D        | HP: 11/236 [electric golem/bolt of lightning (7)]
  7755 | D        | Killed an electric golem
  7759 | D        | Killed an electric golem
  8232 | D        | Reached XP level 21. HP: 244/244 MP: 38/38
  8369 | D        | Noticed an ancient lich
  8369 | D        | Noticed an ancient lich
  8369 | D        | Noticed an ancient lich
  8369 | D        | Noticed an ancient lich
  8370 | D        | Noticed an ancient lich
  8372 | D        | Killed an ancient lich
  8376 | D        | Killed an ancient lich
  8378 | D        | Killed an ancient lich
  8378 | D        | Reached skill level 27 in Dodging
  8379 | D        | Killed an ancient lich
  8382 | D        | Killed an ancient lich
  8393 | D        | Reached skill level 15 in Unarmed Combat
  8514 | D        | Got an elven rune of Zot
  8753 | D        | Reached XP level 22. HP: 254/254 MP: 28/39
  8825 | D        | Noticed the Royal Jelly
  8841 | D        | Killed the Royal Jelly
  8951 | D        | Reached skill level 27 in Unarmed Combat
  8955 | D        | Reached skill level 5 in Evocations
  8968 | D        | Got a slimy rune of Zot
  9210 | D        | Reached skill level 10 in Spellcasting
  9235 | D        | Reached skill level 15 in Spellcasting
  9278 | D        | Noticed a greater mummy
  9283 | D        | HP: 8/249 [??? (6)]
  9288 | D        | Killed a greater mummy
  9756 | D        | Noticed a greater mummy
  9756 | D        | Noticed a greater mummy
  9756 | D        | Noticed a greater mummy
  9756 | D        | Noticed a greater mummy
  9765 | D        | Killed a greater mummy
  9767 | D        | Killed from afar by a greater mummy

Vault maps used:
D:        linesprint

Skill      XL: |  1  2  3  4  5  6  7  8  9 10 11 12 13 14 15 16 17 18 19 20 21 22 |
---------------+-------------------------------------------------------------------+-----
Maces & Flails | 5 7 8 9 10 11 12 13 14 15 16 17 18 20 22 24 27 | 27.0
Fighting       | 4 6 7 9 10 11 12 14 15 18 21 23 27 | 27.0
Armour         | 3 4 5 6 7 8 10 11 13 15 18 20 24 27 | 27.0
Shields        | 3 4 5 6 7 8 9 10 12 14 17 21 24 27 | 27.0
Invocations    | 2 3 6 7 8 10 13 17 21 23 25 27 | 27.0
Dodging        | 1 2 3 5 6 7 8 22 27 | 27.0
Unarmed Combat | 22 27 | 27.0
Evocations     | 6 |  6.6
Spellcasting   | 19 | 19.7

Action                   |  1- 3 |  4- 6 |  7- 9 | 10-12 | 13-15 | 16-18 | 19-21 | 22-24 || total
-------------------------+-------+-------+-------+-------+-------+-------+-------+-------++-------
Melee: Flail             |    39 |       |       |       |   331 |    95 |       |       ||   465
       Morningstar       |       |    28 |    17 |    55 |       |       |       |       ||   100
       Constrict         |       |       |       |       |    47 |    57 |    42 |     9 ||   155
       Demon whip        |       |       |       |       |       |   330 |   375 |   133 ||   838
Invok: Slouch            |       |       |     2 |    25 |    31 |    30 |    25 |    18 ||   131
 Abil: Spit Poison       |     2 |       |       |       |       |       |       |       ||     2
       Breathe Poison Ga |       |       |     1 |    15 |    18 |    16 |     7 |     1 ||    58
  Use: Potion            |     1 |     1 |     5 |       |     1 |       |     1 |     2 ||    11
       Scroll            |       |       |       |     2 |       |    10 |     7 |       ||    19
  Eat: Chunk             |       |       |       |     4 |    13 |     6 |     4 |       ||    27
       Ration            |       |       |       |     1 |       |     2 |     1 |     2 ||     6
Armor: Scale mail        |    11 |       |       |       |       |       |       |       ||    11
       Ring mail         |       |    15 |     5 |    12 |       |       |       |       ||    32
       Shadow dragon sca |       |       |       |       |    49 |       |       |       ||    49
       Plate armour      |       |       |       |       |    65 |       |       |       ||    65
       Gold dragon scale |       |       |       |       |    52 |   149 |    70 |    18 ||   289
Dodge: Dodged            |    10 |     5 |     5 |    22 |   109 |    63 |    81 |    51 ||   346
Block: Shield            |    17 |    17 |    18 |    36 |   190 |       |       |       ||   278
       Large shield      |       |       |       |       |   166 |   382 |   292 |   153 ||   993
       Reflection        |       |       |       |       |       |       |     1 |     3 ||     4

Table legend:
 A = Spawn XP
 B = Non-spawn XP
 C = Spawn XP percentage of total XP
 D = Spawn monster count
 E = Non-spawn monster count
 F = Spawn count percentage of total count
 G = Total turns spent on level
                    A         B        C        D         E        F      G
               +---------+---------+-------+---------+---------+-------+---------
         Total |       0 |  680794 |   0.0 |       0 |     499 |   0.0 |  9767
               +---------+---------+-------+---------+---------+-------+---------
             D |       0 |  680794 |   0.0 |       0 |     499 |   0.0 |  9767
               +---------+---------+-------+---------+---------+-------+---------
